 Dungeon Crawl Stone Soup version 0.30-a0-913-g9934a0ce24 (webtiles) character file.

Game seed: 4580689245957749811

28 DeathPants the Sneak (level 3, 0/19 HPs)
             Began as a Vine Stalker Delver on Mar 19, 2023.
             Slain by an orc
             ... wielding a +0 mace
              (4 damage)
             ... on level 3 of the Dungeon.
             The game lasted 00:02:31 (484 turns).

DeathPants the Sneak (Vine Stalker Delver)           Turns: 484, Time: 00:02:32

Health: 0/19       AC:  4    Str: 14    XL:     3   Next: 12%
Magic:  0/4        EV: 12    Int: 10    God:
Gold:   30         SH:  0    Dex: 17    Spells: 2/2 levels left

rFire   . . .      SeeInvis .    a - +0 short sword
rCold   . . .      Faith    .    (no shield)
rNeg    . . .      Spirit   +    b - +0 leather armour
rPois   .          Reflect  .    (no helmet)
rElec   .          Rampage  .    (no cloak)
rCorr   .                        (no gloves)
Will    .....                    m - +0 pair of boots
Stlth   +++                      (no amulet)
HPRegen 0.23/turn                (no ring)
MPRegen 0.09/turn                (no ring)

@: no status effects
A: fangs 2, magic shield, antimagic bite, no potion heal 2
a: no special abilities


You were on level 3 of the Dungeon.
You visited 1 branch of the dungeon, and saw 4 of its levels.

You collected 30 gold pieces.

Inventory:

Hand Weapons
 a - a +0 short sword (weapon)
Armour
 b - a +0 leather armour (worn)
 m - a +0 pair of boots (worn)
Wands
 g - a wand of digging (3)
Scrolls
 c - a scroll of fog
 d - a scroll of magic mapping
 h - 2 scrolls of teleportation {unknown}
 k - a scroll of immolation {unknown}
 l - a scroll of identify {unknown}
Potions
 f - a potion of haste
 i - a potion of degeneration {unknown}
 j - a potion of lignification {unknown}
 n - 3 potions of curing {unknown}


   Skills:
 + Level 2.9 Fighting
 * Level 2.4 Short Blades
 + Level 1.9 Dodging
 + Level 6.2 Stealth


You had 2 spell levels left.
You didn't know any spells.
Your spell library was empty.

Dungeon Overview and Level Annotations

Branches:
Dungeon (6/15)
 Temple: D:4-7

Altars:
Qazlal


Innate Abilities, Weirdness & Mutations

You have extremely sharp teeth.
When hurt, damage is shared between your health and your magic reserves.
Your bite disrupts and absorbs the magic of your enemies.
Potions cannot restore your health.


Message History

* * * LOW HITPOINT WARNING * * *
The orc attacks as you move away! The orc closely misses you.
The orc attacks as you move away! The orc hits you with a +0 short sword.
* * * LOW HITPOINT WARNING * * *
The orc attacks as you move away! The orc hits you with a +0 club.
* * * LOW HITPOINT WARNING * * *
Okay, then.
As you read the scroll of fear, it crumbles to dust.
You assume a fearsome visage.
The orc looks frightened! x2
Magic restored.
HP restored.
An orc is nearby!
You see here a +0 robe.
There is a stone staircase leading up here.
You climb upwards.
The orc barely misses you.
There is a stone staircase leading down here.
You barely miss the orc. You bite the orc, but do no damage.
The orc barely misses you. The orc closely misses you.
The orc wizard misses you.
You hit the orc wizard but do no damage.
Your bite misses the orc wizard. The orc barely misses you.
The orc wizard hits you with a +0 dagger.
You hit the orc wizard but do no damage.
You punch the orc wizard, but do no damage.
The orc hits you but does no damage. The orc hits you with a +0 mace.
The orc wizard mumbles some strange words.
The orc wizard flickers and vanishes!
Deactivating autopickup; reactivate with Ctrl-A.
You hit something. Your bite misses something.
You hit something but do no damage. Your bite misses something.
The orc hits you with a +0 mace. Something hits you. The orc misses you.
You hit something. You bite something. You drain its magic.
You feel invigorated. The orc hits you with a +0 mace.
* * * LOW HITPOINT WARNING * * *
The orc hits you but does no damage. Something hits you.
* * * LOW HITPOINT WARNING * * *
You miss something. The orc closely misses you. The orc barely misses you.
You hit something but do no damage. You bite something.
The orc hits you with a +0 mace.
You die...

..#..# #.####
.....##....... ..
............. . #o#
...)...#...... ####..
........###.####.... #
.....#............###.##
..........#.##..........
.....##.........{o......
..#..####..$....@.......
..#..# ##.....o>.......
..#..# ##..............
..#..####..#............
.....#.....†......######
.....#.####......$#
#......# ##........#
#....>###..........#
..........##.......#


You could see 2 orcs.

Vanquished Creatures
  2 adders (D:3)
  A dart slug (D:3)
  An orc (D:3)
  An endoplasm (D:3)
  A giant cockroach (D:3)
  A goblin (D:3)
  A frilled lizard (D:3)
8 creatures vanquished.

Notes
Turn   | Place    | Note
-------+----------+-------------------------------------------
     0 | D:5      | DeathPants the Vine Stalker Delver began the quest for the
                  | Orb.
     0 | D:5      | Reached XP level 1. HP: 11/11 MP: 2/2
    10 | D:6      | Noticed a phantom
   135 | D:4      | Noticed an orc wizard
   186 | D:4      | Noticed an ogre
   237 | D:3      | Reached XP level 2. HP: 14/16 MP: 3/3
   259 | D:3      | Found a stormy altar of Qazlal.
   378 | D:3      | Reached XP level 3. HP: 17/19 MP: 4/4
   484 | D:3      | Slain by an orc

Illustrated notes

Levels and vault maps discovered:
D:3:      layout_rooms, mainiacjoe_overflow_24_doors,
          mainiacjoe_overflow_catwalk, uniq_natasha
D:4:      layout_basic, pf_just_have_faith, st_stairs_1,
          nicolae_kite_square_tiling_tiny
D:5:      cheibrodos_barr_body, layout_basic, minmay_temple_entry_trees
D:6:      layout_rooms, uniq_eustachio

Skill      XL: |  1 |
---------------+----+-----
Short Blades   | 2 |  2.4
Fighting       | |  2.9
Dodging        | |  1.9
Stealth        | |  6.2

Action                     || total
---------------------------++-------
  Melee: Short sword       ||    33
         Bite              ||    13
         Punch             ||     1
    Use: Scroll            ||     1
   Stab: Sleeping          ||     1
 Armour: Leather armour    ||     9
  Dodge: Dodged            ||    19

Table legend: (Time is in decaauts)
 A = Elapsed time spent in this place.
 B = Non-inter-level travel time spent in this place.
 C = Inter-level travel time spent in this place.
 D = Time resting spent in this place.
 E = Time spent auto-exploring this place.
 F = Levels seen in this place.
 G = Mean time per level.
                   A        B        C        D        E       F      G
               +--------+--------+--------+--------+--------+-----+--------+
         Total |    482 |    482 |      0 |      0 |    136 |   4 |  120.5 |
       Dungeon |    482 |    482 |      0 |      0 |    136 |   4 |  120.5 |
               +--------+--------+--------+--------+--------+-----+--------+

Top non-repeatable levels by time:
     D:3: 196 daAuts
     D:4: 138 daAuts
     D:5: 111 daAuts
     D:6: 35 daAuts
